 Dungeon Crawl Stone Soup version 0.32-a0-747-gc8563f6773 (webtiles) character file.

Game seed: 17655853580871835275

979 Elsrick the Slasher (level 8, -1/58 (60) HPs)
             Began as a Coglin Gladiator on Mar 17, 2024.
             Slain by a wight
             ... wielding a +5 great sword
              (7 damage)
             ... on level 6 of the Dungeon.
             The game lasted 00:14:02 (5299 turns).

Elsrick the Slasher (Coglin Gladiator)              Turns: 5299, Time: 00:14:03

HP:   -1/58 (60)    AC: 13    Str: 16    XL:     8   Next: 17%
MP:   8/8           EV:  5    Int:  7    God:
Gold: 365           SH:  0    Dex: 17    Spells: 7/7 levels left

rFire   . . .        y - +4 war axe {Xiang}
rCold   . . .        e - +2 whip (elec) {Paullus}
rNeg    . . .        w - +0 plate armour
rPois   .            c - +0 helmet
rElec   .            (no cloak)
rCorr   .            v - +0 pair of gloves
SInv    .            (no boots)
Will    .....        (amulet unavailable) Stlth
                     (ring unavailable)
HPRegen 0.29/turn    (ring unavailable)
MPRegen 0.11/turn    (no gizmo)

%: no passive effects
@: lightly drained, revving
A: off-hand wielding, slow wielding, warmup strikes, no jewellery
a: Invent Gizmo


You were on level 6 of the Dungeon.
You visited 1 branch of the dungeon, and saw 6 of its levels.

You collected 365 gold pieces.

Inventory:

Hand Weapons
 a - a +0 long sword {Yuphin}
 e - a +2 whip of electrocution (offhand) {Paullus}
 f - a +0 dagger {Zdislav}
 j - a +2 sling of flaming
 y - a +4 war axe (weapon) {Xiang}
Missiles
 d - 3 throwing nets
 k - 39 stones
 D - a javelin
 F - 7 poisoned darts
 G - 6 atropa-tipped darts
Armour
 b - a +0 leather armour
 c - a +0 helmet (worn)
 s - a +2 robe of fire resistance
 v - a +0 pair of gloves (worn)
 w - a +0 plate armour (worn)
Magical Staves
 N - a staff of earth
Talismans
 q - a serpent talisman
Wands
 x - a wand of flame (1) (quivered)
 C - a wand of paralysis (8)
 M - a wand of roots (3)
Scrolls
 g - 2 scrolls of enchant armour {unknown}
 h - 3 scrolls of poison
 i - 2 scrolls of teleportation {unknown}
 l - a scroll of revelation {unknown}
 m - 2 scrolls of blinking {unknown}
 p - a scroll of fear {unknown}
 r - a scroll of silence {unknown}
 B - a scroll of amnesia {unknown}
 E - a scroll of fog {unknown}
 H - a scroll of enchant weapon {unknown}
 I - a scroll of immolation {unknown}
 K - a scroll of torment {unknown}
Potions
 n - a potion of curing {unknown}
 o - a potion of degeneration {unknown}
 t - 3 potions of haste
 u - a potion of mutation {unknown}
 z - 3 potions of lignification
 A - a potion of might {unknown}
 J - a potion of berserk rage {unknown}
 L - a potion of brilliance


   Skills:
 + Level 3.8 Fighting
 + Level 1.2(3.9) Short Blades
 - Level 6.5(6.6) Long Blades
 * Level 0.7(2.0) Axes
 + Level 2.7 Maces & Flails
 + Level 1.8 Throwing
 + Level 3.1 Armour
 + Level 3.5 Dodging
 - Level 0.1 Stealth
 + Level 1.8 Evocations


You had 7 spell levels left.
You didn't know any spells.
Your spell library contained the following spells:

 Spells                   Type           Power      Damage    Failure   Level
 Foxfire                  Conj/Fire      0%         2x1d4     100%        1
 Summon Ice Beast         Ice/Summ       0%         N/A       100%        3
 Summon Mana Viper        Hex/Summ       0%         N/A       100%        5
 Plasma Beam              Fire/Air       0%         2x1d10    100%        6
 Starburst                Conj/Fire      0%         6d3       100%        6
 Monstrous Menagerie      Summ           0%         N/A       100%        7


Dungeon Overview and Level Annotations

Branches:
Dungeon (6/15)
 Temple: D:4-7

Altars:
Gozag
Ru

Shops:
D:1 ([(

Annotations:
D:5 3 runed translucent doors, sychorax's ghost, amateur OpEE
D:6 2 runed translucent doors


Innate Abilities, Weirdness & Mutations

You can wield a second weapon in your off-hand.
It takes a long time for you to wield or remove held weapons.
Your first few attacks do less damage.
You cannot equip rings or amulets.


Message History

A white imp comes into view.
You closely miss the bullfrog with your +2 whip of electrocution.
The bullfrog is almost dead.
You slash the bullfrog with your +4 war axe!
You kill the bullfrog!
Your life force feels restored.
You see here a bullfrog corpse.
The white imp gestures at you. The puff of frost hits you.
The white imp gestures at you. The puff of frost hits you!
You enter the shallow water.
Moving in this stuff is going to be slow.
The white imp hits you but does no damage.
The white imp shouts, "Away with thee, thou odious bat-fowling bum-bailey!"
The white imp hits you but does no damage.
You barely miss the white imp with your +4 war axe.
Your unstable footing causes you to fumble your attack.
The white imp hits you but does no damage.
Your unstable footing causes you to fumble your attack. x2
A wight comes into view. It is wielding a +5 great sword.
The white imp hits you. The white imp freezes you.
You closely miss the white imp with your +2 whip of electrocution.
Your unstable footing causes you to fumble your attack.
The white imp gestures at you. The puff of frost hits you!
The white imp gestures at you. The puff of frost hits you!
You slash the white imp with your +4 war axe!
You kill the white imp!
The wight attacks as it pursues you!
The wight hits you with a +5 great sword!
A hound comes into view.
You see here a bullfrog corpse.
You barely miss the wight with your +2 whip of electrocution.
You hit the wight with your +4 war axe.
The wight hits you with a +5 great sword!
* * * LOW HITPOINT WARNING * * *
You feel drained.
You die...

#### #......♣.~~≈.. .##
##....≈".~♣.. ..#
#..#..~~.≈~~### .##
#$..≈~≈.♣~≈~..# ##
##.####~~~.~.≈# ##
+...~..♣~~~.~# §#
.+...h~.h~~~.## §§
.####.####z#### # .#
####. #@#####.# ## #.#
.. #.......# ### #.#
#.#####.####
..######.####...##.>..#
.....[[....## #.......#
#######.....#####.....#
####....###.....#
#.......#....#
###..........#


You could see a hound (wandering) and a wight.

Vanquished Creatures
  Sigmund (D:2)
  A bullfrog (D:6)
  4 wights (D:6)
  4 orc priests
  An iguana (D:5)
  Jessica (D:2)
  Ijyb (D:3)
  2 sleepcaps
  2 orc wizards (D:6)
  Terence (D:3)
  7 gnolls
  3 adders
  A white imp (D:6)
  2 ufetubi (D:4)
  A dart slug (D:1)
  4 ribbon worms
  15 orcs
  3 bats
  3 endoplasms
  8 giant cockroaches
  8 goblins
  8 hobgoblins
  2 jackals (D:4)
  A quokka (D:1)
  4 ball pythons
  2 frilled lizards (D:3)
  10 kobolds
  8 rats
108 creatures vanquished.

Notes
Turn   | Place    | Note
-------+----------+-------------------------------------------
     0 | D:1      | Elsrick the Coglin Gladiator began the quest for the Orb.
     0 | D:1      | Reached XP level 1. HP: 16/16 MP: 1/1
    40 | D:1      | Found Viejea's Antique Weapon Boutique.
    87 | D:1      | Found Losuhoih's Antique Weapon Emporium.
   105 | D:1      | Reached XP level 2. HP: 22/22 MP: 2/2
   274 | D:1      | Found Yriosyog's Antique Armour Shop.
   374 | D:1      | Reached XP level 3. HP: 27/27 MP: 3/3
   392 | D:1      | Found a faded altar of an unknown god.
   776 | D:2      | Noticed Jessica
   785 | D:2      | Killed Jessica
   786 | D:2      | Reached skill level 4 in Long Blades
   786 | D:2      | Reached XP level 4. HP: 33/33 MP: 4/4
   864 | D:2      | Noticed Sigmund
   872 | D:2      | Killed Sigmund
   873 | D:2      | Reached skill level 5 in Long Blades
   873 | D:2      | Reached skill level 1 in Armour
   873 | D:2      | Reached XP level 5. HP: 5/39 MP: 5/5
   873 | D:2      | Reached XP level 6. HP: 6/46 MP: 6/6
  1035 | D:2      | Reached skill level 1 in Short Blades
  1635 | D:3      | Noticed Terence
  1641 | D:3      | Killed Terence
  1888 | D:3      | Noticed Ijyb
  1916 | D:3      | Paralysed by Ijyb for 2 turns
  1919 | D:3      | Killed Ijyb
  3078 | D:4      | Reached XP level 7. HP: 44/52 MP: 7/7
  3085 | D:4      | Reached skill level 1 in Maces & Flails
  3267 | D:5      | Entered Level 5 of the Dungeon
  3355 | D:5      | Found a runed translucent gate.
  3356 | D:5      | Found a runed translucent gate.
  3356 | D:5      | Found an opulent altar of Gozag.
  3357 | D:5      | Found a runed translucent gate.
  3358 | D:5      | Noticed a yak
  3359 | D:5      | Noticed sychorax's ghost (amateur OpEE)
  3420 | D:5      | Found a sacrificial altar of Ru.
  3453 | D:5      | Reached skill level 6 in Long Blades
  4013 | D:6      | Found a large runed translucent door.
  4014 | D:6      | Found a large runed translucent door.
  4199 | D:6      | Identified the +7 rapier of Excruciating Pain {chaos, rC-
                  | Will+ Str+4 Int+2}
  4993 | D:6      | Reached skill level 1 in Evocations
  5126 | D:6      | Reached XP level 8. HP: 28/58 MP: 8/8
  5299 | D:6      | Slain by a wight

Illustrated notes

Levels and vault maps discovered:
D:1:      dpeg_arrival_three_same_balls, layout_rooms, serial_shops, shop,
          nicolae_shop_advertising_works [nicolae_subvault_shop_adworks],
          nicolae_shop_behind_doors, shapermc_ecumenical_altar_mp_urbaneastern,
          minmay_hexomino_r4
D:2:      layout_loops_ring, wad_orctagon, uniq_jessica, uniq_sigmund
D:3:      layout_rooms, minmay_misc_feat_rugged, moated_statue,
          nrook_loot_triangle, uniq_terence, uniq_ijyb
D:4:      layout_loops_cross, hangedman_decor_opposing,
          chequers_serial_rivers_micro_b
D:5:      layout_basic, mainiacjoe_overflow_chevrons, ebering_ghost_gozag,
          nicolae_figureground_pulse
D:6:      due_chaos_kobolds, layout_rooms, minmay_temple_entry_poolview,
          chequers_serial_rivers_marsh, uniq_crazy_yiuf_cottage

Skill      XL: |  1  2  3  4  5  6  7  8 |
---------------+-------------------------+-----
Dodging        | 3 |  3.5
Long Blades    | 4 5 6 |  6.5
Armour         | 1 2 3 |  3.1
Short Blades   | 1 |  1.2
Fighting       | 3 |  3.8
Maces & Flails | 2 |  2.7
Evocations     | 1 |  1.8
Axes           | |  0.7
Throwing       | |  1.8
Stealth        | |  0.1

Action                     |  1- 3 |  4- 6 |  7- 9 || total
---------------------------+-------+-------+-------++-------
  Melee: Long sword        |    64 |   139 |    66 ||   269
         Dagger            |    59 |    96 |       ||   155
         Whip              |       |    33 |    71 ||   104
         War axe           |       |       |     8 ||     8
  Throw: Javelin           |       |     1 |       ||     1
  Evoke: Wand              |       |       |     8 ||     8
    Use: Scroll            |       |       |     4 ||     4
   Stab: Sleeping          |       |     2 |       ||     2
 Armour: Leather armour    |    32 |    20 |       ||    52
         Plate armour      |       |   117 |    73 ||   190
  Dodge: Dodged            |    53 |    53 |    12 ||   118

Table legend: (Time is in decaauts)
 A = Elapsed time spent in this place.
 B = Non-inter-level travel time spent in this place.
 C = Inter-level travel time spent in this place.
 D = Time resting spent in this place.
 E = Time spent auto-exploring this place.
 F = Levels seen in this place.
 G = Mean time per level.
                   A        B        C        D        E       F      G
               +--------+--------+--------+--------+--------+-----+--------+
         Total |   5318 |   5032 |    286 |   1505 |   2157 |   6 |  886.3 |
       Dungeon |   5318 |   5032 |    286 |   1505 |   2157 |   6 |  886.3 |
               +--------+--------+--------+--------+--------+-----+--------+

Top non-repeatable levels by time:
     D:5: 1698 daAuts
     D:3: 898 daAuts
     D:4: 866 daAuts
     D:2: 808 daAuts
     D:1: 703 daAuts
     D:6: 343 daAuts
